 Dungeon Crawl Stone Soup version 0.31-a0-844-gdc52ec4e09 (webtiles) character file.

Game seed: 939800271895298112

23849 Newt the Markskobold (level 13, 0/70 HPs)
             Began as a Kobold Hunter on Sept 27, 2023.
             Was an Elder of Hepliaklqana.
             Slain by a skeletal warrior
             ... wielding a +0 flail
              (15 damage)
             ... on level 13 of the Dungeon on Sept 28, 2023.
             The game lasted 00:15:31 (14533 turns).

Newt the Markskobold (Kobold Hunter)               Turns: 14533, Time: 00:15:31

Health: 0/70       AC: 14    Str:  7    XL:     13   Next: 38%
Magic:  17/19      EV: 26    Int: 11    God:    Hepliaklqana [****..]
Gold:   175        SH:  0    Dex: 22    Spells: 18/20 levels left

rFire   + . .        P - +2 orcbow (heavy)
rCold   + . .        (shield currently unavailable)
rNeg    + + +        e - +5 robe of Night {Dark Will+ SInv}
rPois   .            O - +1 helmet
rElec   +            B - scarf {rC+ rF+}
rCorr   .            n - +0 pair of gloves
SInv    +            (no boots)
Will    +....        j - amulet of regeneration
Stlth   ++++         z - ring "Lezisiv" {rN+++ AC+4 Str-2 SInv Stlth+}
HPRegen 1.11/turn    q - +5 ring of evasion
MPRegen 0.16/turn

%: no passive effects
@: wereblooded, studying Ice Magic
A: reduced essence, small, no large weapons, nightstalker 3, electricity
resistance
a: Renounce Religion, Recall Ancestor, Ancestor Identity, Transference, Idealise


You were on level 13 of the Dungeon.
You worshipped Hepliaklqana.
Hepliaklqana was greatly pleased with you.
You visited 2 branches of the dungeon, and saw 14 of its levels.
You also visited: Ice Cave.

You collected 835 gold pieces.
You spent 660 gold pieces at shops.

Inventory:

Hand Weapons
 a - a +1 shortbow of flaming
 P - a +2 heavy orcbow (weapon)
Armour
 c - a +0 leather armour
 e - the +5 robe of Night (worn) {Dark Will+ SInv}
   (You found it on level 2 of the Dungeon)

   Dark:      It shrouds the wearer in darkness, reducing the range at which
   they can see and be seen by others.
   Will+:     It increases your willpower.
   SInv:      It lets you see invisible.
 n - a +0 pair of gloves (worn)
 r - a +2 cloak
 x - a +0 cloak
 B - a scarf of resistance (worn)
 L - a +0 troll leather armour
 O - a +1 helmet (worn)
Jewellery
 d - a ring of poison resistance
 j - an amulet of regeneration (around neck)
 q - a +5 ring of evasion (right hand)
 z - the ring "Lezisiv" (left hand) {rN+++ AC+4 Str-2 SInv Stlth+}
   (You found it on level 5 of the Dungeon)

   [ring of protection]

   AC+4:      It affects your AC (+4).
   Str-2:     It affects your strength (-2).
   rN+++:     It renders you almost immune to negative energy.
   SInv:      It lets you see invisible.
   Stlth+:    It makes you more stealthy.
 D - a ring of ice
 G - a +4 ring of protection
 H - a ring of resist corrosion
Wands
 v - a wand of paralysis (5)
 w - a wand of mindburst (10)
 A - a wand of roots (16)
 C - a wand of acid (14)
 Q - a wand of flame (15)
Scrolls
 b - 2 scrolls of butterflies
 f - 3 scrolls of noise
 k - 2 scrolls of fear
 y - 4 scrolls of fog
 E - 3 scrolls of teleportation
 J - a scroll of enchant weapon
 M - a scroll of brand weapon
 N - a scroll of immolation
 R - a scroll of identify
Potions
 g - a potion of invisibility
 h - a potion of cancellation
 i - 6 potions of heal wounds
 l - 2 potions of lignification
 m - 2 potions of degeneration
 o - 2 potions of ambrosia {unknown}
 p - a potion of resistance {unknown}
 s - 3 potions of brilliance {unknown}
 t - 3 potions of mutation
 u - 10 potions of curing
 F - 2 potions of enlightenment {unknown}
 I - 2 potions of berserk rage {unknown}
 K - a potion of haste {unknown}


   Skills:
 - Level 8.0 Fighting
 - Level 20.0 Ranged Weapons
 + Level 8.6 Dodging
 - Level 1.3 Stealth
 - Level 4.0 Spellcasting
 - Level 10.3 Transmutations
 - Level 5.0 Evocations


You had 18 spell levels left.
You knew the following spells:

 Your Spells              Type           Power      Damage    Failure   Level
a - Wereblood             Tmut           24%        N/A       1%          2

Your spell library contained the following spells:

 Spells                   Type           Power      Damage    Failure   Level
 Ignite Poison            Fire/Tmut/Pois 9%         N/A       17%         3
 Apportation              Tloc           4%         N/A       24%         1
 Necrotise                Necr           8%         1d4       24%         1
 Shock                    Conj/Air       8%         1d3       24%         1
 Summon Small Mammal      Summ           8%         N/A       24%         1
 Blink                    Tloc           4%         N/A       34%         2
 Cigotuvi's Dreadful Rot  Necr/Pois/Air  4%         N/A       34%         2
 Lesser Beckoning         Tloc           4%         N/A       34%         2
 Momentum Strike          Conj/Tloc      4%         3d8       34%         2
 Call Canine Familiar     Summ           2%         N/A       56%         3
 Gell's Gravitas          Tloc           2%         N/A       56%         3
 Stone Arrow              Conj/Erth      4%         3d7       56%         3
 Summon Guardian Golem    Hex/Summ       2%         N/A       56%         3
 Swiftness                Air            2%         N/A       56%         3
 Teleport Other           Tloc           2%         N/A       56%         3
 Irradiate                Conj/Tmut      6%         3d13      61%         5
 Airstrike                Air            1%         2d(1-17)  93%         4
 Animate Armour           Summ/Erth      4%         N/A       93%         4
 Animate Dead             Necr           2%         N/A       93%         4
 Leda's Liquefaction      Hex/Erth       1%         N/A       93%         4
 Manifold Assault         Tloc           2%         N/A       93%         4
 Freezing Cloud           Conj/Ice/Air   1%         6-21      100%        5
 Lee's Rapid Deconstruct  Erth           1%         3d4*      100%        5
 Bombard                  Conj/Erth      1%         9d1       100%        6
 Dispersal                Tloc           1%         N/A       100%        6
 Haunt                    Necr/Summ      1%         N/A       100%        7
 Infestation              Necr           1%         N/A       100%        8
 Lehudib's Crystal Spear  Conj/Erth      1%         10d2      100%        8


Dungeon Overview and Level Annotations

Branches:
Dungeon (13/15)            Temple (1/1) D:6            Lair (0/5) D:11
    Orc (0/2) D:10          IceCv (visited)
 Vaults: D:13-14

Altars:
Ashenzari
Cheibriados
Dithmenos
Elyvilon
Fedhas
Gozag
Hepliaklqana
Kikubaaqudgha
Makhleb
Nemelex Xobeh
Okawaru
Qazlal
Ru
Sif Muna
Trog
Uskayaw
Vehumet
Wu Jian
Xom
Yredelemnul
Zin
The Shining One

Shops:
D:4 !   D:6 =   D:8 *   D:10 !   D:12 *


Innate Abilities, Weirdness & Mutations

Your life essence is reduced to manifest your ancestor. (-10% HP)
You are small and have problems with some larger weapons.
You are completely attuned to the shadows.
You are resistant to electric shocks. (rElec)


Message History

You shoot an arrow.
The arrow closely misses the skeletal warrior.
The arrow hits the skeletal warrior.
The skeletal warrior is lightly damaged.
The skeletal warrior closely misses you.
You shoot an arrow.
The arrow closely misses the skeletal warrior.
The arrow hits the skeletal warrior!
The skeletal warrior is moderately damaged.
A troll comes into view.
You shoot an arrow. The arrow hits the skeletal warrior!!
The skeletal warrior is severely damaged.
The polar bear changes into a culicivora!
You shoot an arrow.
The arrow hits the skeletal warrior but does no damage.
The skeletal warrior is severely damaged.
The skeletal warrior hits you with a +0 flail!
You are too injured to fight recklessly!
You are too injured to fight recklessly!
You are too injured to fight recklessly!
You shoot an arrow.
The arrow hits the skeletal warrior but does no damage.
The skeletal warrior is severely damaged.
The culicivora changes into a redback!
The skeletal warrior hits you with a +0 flail!!
* * * LOW HITPOINT WARNING * * *
Unknown command.
Aiming: Corrosive Bolt
Press: ? - help, Shift-Dir - straight line, f/p - skeletal warrior
Aim: a skeletal warrior, wielding a +0 flail (severely damaged, 74% to hit)
The bolt of acid hits the skeletal warrior!
The acid corrodes the skeletal warrior!
The skeletal warrior is almost destroyed.
The bolt of acid hits the skeletal warrior!!
The acid corrodes the skeletal warrior!
You destroy the skeletal warrior!
The bolt of acid hits the redback!!
The acid corrodes the redback!
The redback is almost dead.
The skeletal warrior hits you with a +0 flail!
You die...

...>.#.#
..#.#
.....#.#
#.# #.###.
#.# ....
#.# ..#.
#.# >.#
..##.# #.#
...<) #.#
....#####.#
...s)z@...#
..#.#######
. #.# #.#


You could see a skeletal warrior (corroded) and a redback shaped shifter
(corroded).

Vanquished Creatures
  A frost giant (IceCv)
  A two-headed ogre (D:8)
  5 death yaks (IceCv)
  2 skeletal warriors (D:13)
  An ugly thing (D:12)
  A manticore (D:11)
  An ice statue (IceCv)
  7 rime drakes (IceCv)
  A komodo dragon (D:6)
  2 ice devils (D:7)
  3 trolls
  A hornet (D:10)
  5 polar bears (IceCv)
  Sigmund (D:2)
  A vampire (D:11)
  3 shadows
  6 wraiths
  19 yaks
  7 fire bats (D:12)
  A vampire mosquito (D:12)
  3 steam dragons
  A water moccasin (D:8)
  A black bear (D:11)
  A sky beast (D:7)
  An ice beast (D:6)
  6 orc warriors
  6 wolves (IceCv)
  2 ogres
  2 centaurs
  3 phantoms
  Blork the orc (D:6)
  4 kobold brigands
  3 gnoll sergeants
  3 scorpions
  A bullfrog (D:6)
  6 wights
  3 killer bees (D:8)
  An electric eel (D:10)
  2 howler monkeys
  2 jellies
  A hound (D:4)
  6 orc priests
  Crazy Yiuf (D:4)
  A gnoll bouda (D:6)
  4 iguanas
  13 orc wizards
  17 gnolls
  10 adders
  A shadow imp (D:5)
  8 white imps
  4 ufetubi
  A worm (D:3)
  A dart slug (D:1)
  61 orcs
  9 ball pythons
  50 bats
  10 endoplasms
  2 giant cockroaches (D:3)
  5 goblins
  6 hobgoblins
  7 jackals
  6 quokkas
  2 frilled lizards
  22 kobolds
  3 rats
372 creatures vanquished.

Vanquished Creatures (collateral kills)
  A death yak (IceCv)
  A flayed ghost (D:12)
  A gargoyle (D:12)
  An unseen horror (D:10)
  A komodo dragon (D:11)
  A troll (D:9)
  2 shadows
  A yak (D:12)
  A vampire mosquito (D:12)
  A wolf (IceCv)
  A phantom (D:7)
  3 wights
  An electric eel (D:10)
  An orc priest (D:10)
  2 orc wizards
  3 orcs
  9 bats (D:12)
  2 kobolds (D:8)
33 creatures vanquished.

Vanquished Creatures (others)
  3 ancestors
  6 knights
9 creatures vanquished.

Grand Total: 414 creatures vanquished

Notes
Turn   | Place    | Note
-------+----------+-------------------------------------------
     0 | D:1      | Newt the Kobold Hunter began the quest for the Orb.
     0 | D:1      | Reached XP level 1. HP: 12/12 MP: 1/1
   167 | D:1      | Reached XP level 2. HP: 18/18 MP: 2/2
   494 | D:1      | Reached XP level 3. HP: 23/23 MP: 3/3
  1362 | D:2      | Found the +5 robe of Night {Dark Will+ SInv}
  1364 | D:2      | Reached XP level 4. HP: 30/30 MP: 4/4
  1615 | D:2      | Noticed Sigmund
  1627 | D:2      | Killed Sigmund
  1628 | D:2      | Reached skill level 5 in Fighting
  1628 | D:2      | Reached skill level 7 in Ranged Weapons
  1628 | D:2      | Reached XP level 5. HP: 15/35 MP: 5/5
  1628 | D:2      | Reached XP level 6. HP: 17/40 MP: 6/6
  2722 | D:3      | Reached skill level 8 in Ranged Weapons
  2990 | D:3      | Found a faded altar of an unknown god.
  3451 | D:3      | Found a burning altar of Makhleb.
  3574 | D:3      | Reached XP level 7. HP: 43/44 MP: 7/7
  3675 | D:3      | Upgraded the game from 0.31-a0-841-g038b102fc3 to
                  | 0.31-a0-844-gdc52ec4e09
  3832 | D:4      | Reached skill level 9 in Ranged Weapons
  4140 | D:4      | Found Ciata's Distillery.
  4145 | D:4      | Bought a potion of mutation for 112 gold pieces
  4145 | D:4      | Bought a potion of curing for 42 gold pieces
  4329 | D:4      | Found a runed translucent door.
  4971 | D:4      | Reached skill level 10 in Ranged Weapons
  5193 | D:4      | Noticed Crazy Yiuf
  5198 | D:4      | Killed Crazy Yiuf
  5246 | D:5      | Entered Level 5 of the Dungeon
  5283 | D:4      | Reached XP level 8. HP: 49/49 MP: 8/8
  5314 | D:4      | Reached skill level 5 in Dodging
  5633 | D:5      | Reached skill level 11 in Ranged Weapons
  5718 | D:5      | Identified the ring "Lezisiv" {rN+++ AC+4 Str-2 SInv
                  | Stlth+}
  6133 | D:6      | Found a staircase to the Ecumenical Temple.
  6143 | Temple   | Entered the Ecumenical Temple
  6179 | Temple   | Became a worshipper of Hepliaklqana the Forgotten
  6264 | D:6      | Noticed Blork the orc
  6277 | D:6      | Killed Blork the orc
  6296 | D:6      | Reached skill level 12 in Ranged Weapons
  6296 | D:6      | Reached XP level 9. HP: 52/54 MP: 9/9
  6334 | D:6      | Found Zenawage's Jewellery Emporium.
  6410 | D:6      | Noticed a komodo dragon
  6431 | D:6      | Killed a komodo dragon
  6432 | D:6      | Reached skill level 13 in Ranged Weapons
  6532 | D:6      | Reached skill level 14 in Ranged Weapons
  6595 | D:6      | Found an ancient bone altar of Kikubaaqudgha.
  7077 | D:7      | Reached skill level 15 in Ranged Weapons
  7087 | D:7      | Reached * piety under Hepliaklqana
  7130 | D:7      | Reached XP level 10. HP: 43/53 MP: 10/10
  7251 | D:7      | Found a sparkling altar of Nemelex Xobeh.
  7545 | D:7      | Found a blossoming altar of Fedhas.
  7610 | D:7      | Reached skill level 5 in Evocations
  7625 | D:7      | Noticed an ice devil
  7642 | D:7      | Killed an ice devil
  7650 | D:7      | Noticed an ice devil
  7676 | D:7      | Killed an ice devil
  7702 | D:7      | Found the +8 frozen axe "Frostbite" {freeze, freezing
                  | cloud, *Noise Fly rC+}
  8168 | D:8      | Found Ciochau's Gadget Gallery.
  8457 | D:8      | Noticed a two-headed ogre
  8464 | D:8      | Killed a two-headed ogre
  8563 | D:8      | Reached XP level 11. HP: 46/61 MP: 16/16
  8603 | D:8      | Found an iron altar of Okawaru.
  8812 | D:8      | Found an ornate altar of the Wu Jian Council.
  8880 | D:9      | Learned a level 2 spell: Wereblood
  9253 | D:9      | Reached ** piety under Hepliaklqana
  9254 | D:9      | Remembered your ancestor Xiloxoch as a knight
  9713 | D:9      | Found a sacrificial altar of Ru.
  9908 | D:10     | Entered Level 10 of the Dungeon
 10012 | D:10     | Reached skill level 16 in Ranged Weapons
 10077 | D:10     | Found Loni's Distillery.
 10081 | D:10     | Bought a potion of mutation for 136 gold pieces
 10081 | D:10     | Bought a potion of mutation for 136 gold pieces
 10081 | D:10     | Gained mutation: Your mind is acute. (Int +4, Str/Dex -1)
                  | [potion of mutation]
 10081 | D:10     | Gained mutation: You possess an exceptional clarity of
                  | mind. [potion of mutation]
 10082 | D:10     | Lost mutation: Your mind is acute. (Int +4, Str/Dex -1)
                  | [potion of mutation]
 10082 | D:10     | Lost mutation: You possess an exceptional clarity of mind.
                  | [potion of mutation]
 10082 | D:10     | Gained mutation: You are resistant to electric shocks.
                  | (rElec) [potion of mutation]
 10511 | D:10     | Found a staircase to the Orcish Mines.
 10520 | D:10     | Reached skill level 17 in Ranged Weapons
 10808 | D:11     | Noticed a manticore
 10820 | D:11     | Killed a manticore
 10900 | D:11     | Reached *** piety under Hepliaklqana
 10953 | D:11     | Found a broken altar of Ashenzari.
 11327 | D:11     | Found a staircase to the Lair.
 11451 | D:11     | Reached skill level 18 in Ranged Weapons
 11881 | D:12     | Found a frozen archway.
 12034 | IceCv    | Entered an ice cave
 12123 | IceCv    | Reached XP level 12. HP: 5/65 MP: 15/18
 12139 | IceCv    | Reached skill level 19 in Ranged Weapons
 12431 | IceCv    | Noticed a death yak
 12432 | IceCv    | Noticed a death yak
 12447 | IceCv    | Killed a death yak
 12463 | IceCv    | Killed a death yak
 12722 | IceCv    | Reached **** piety under Hepliaklqana
 12733 | IceCv    | Reached skill level 20 in Ranged Weapons
 12747 | IceCv    | Noticed a death yak
 12762 | IceCv    | Killed a death yak
 12763 | IceCv    | Reached skill level 5 in Transmutations
 12778 | IceCv    | Noticed a death yak
 12796 | IceCv    | Killed a death yak
 12824 | IceCv    | Noticed a death yak
 12836 | IceCv    | Killed a death yak
 12860 | IceCv    | Noticed a death yak
 12861 | IceCv    | Noticed a frost giant
 12887 | IceCv    | Killed a death yak
 12902 | IceCv    | Killed a frost giant
 12913 | IceCv    | Reached XP level 13. HP: 64/70 MP: 19/19
 13748 | D:12     | Found Dotod's Assorted Antiques.
 13752 | D:12     | Bought a runed orcbow for 234 gold pieces
 14016 | D:12     | Found a glowing golden altar of the Shining One.
 14031 | D:12     | Found a runed translucent door.
 14044 | D:12     | Found an ancient bone altar of Kikubaaqudgha.
 14070 | D:12     | Reached skill level 10 in Transmutations
 14076 | D:12     | Found a hide-covered altar of Uskayaw.
 14091 | D:12     | Found a glowing golden altar of the Shining One.
 14168 | D:12     | Found a sacrificial altar of Ru.
 14213 | D:12     | Found a broken altar of Ashenzari.
 14533 | D:13     | Slain by a skeletal warrior

Illustrated notes

Levels and vault maps discovered:
D:1:      minmay_arrival_shoal_huts, layout_loops_ring, serial_forest,
          infiniplex_forest_lined_3, infiniplex_forest_lined_corner,
          infiniplex_forest_zigzag_2, infiniplex_forest_clump_small,
          infiniplex_forest_clump_tiny, infiniplex_forest_lined_corner,
          infiniplex_forest_lined_1, infiniplex_forest_clump_medium,
          infiniplex_forest_clump_small, minmay_misc_feat_nine_boxes,
          supply_closet_lemuel, chequers_serial_rivers_micro_d
D:2:      layout_basic, kennysheep_generic_room_3, uniq_sigmund
D:3:      layout_basic, lightli_temple_of_fire, basic_ecumenical_altar
D:4:      layout_basic, serial_shops, nicolae_shop_advertising_works
          [nicolae_subvault_shop_adworks], uniq_crazy_yiuf_cottage
D:5:      layout_cave_pools
D:6:      layout_loops_ring, kennysheep_mini, minmay_temple_entry_glass,
          serial_shops, shop, uniq_blork_the_orc
D:7:      layout_loops_ring, lemuel_doored_altar, fedhas_bush_and_centaur_altar,
          hellmonk_guarded_unrand_frostbite
D:8:      layout_layer_cave, mainiacjoe_overflow_catch_the_wave,
          nicolae_shop_gadgets
D:9:      layout_loops_ring, mainiacjoe_overflow_chevrons, nrook_mini_backslash,
          serial_bayou_lagoon_a
D:10:     layout_basic, erik_orc_2, serial_shops, nicolae_shop_industrial_runoff
D:11:     layout_gridville, grunt_lair_entry_orc_guard_hut,
          cheibrodos_ashenzari_chains
D:12:     due_megacathedral, layout_basic, portal_ice_cave_entry_pillars_1,
          serial_shops, nicolae_shop_stone
D:13:     layout_basic, erik_vaults_1
Temple:   bh_familiar_temple

Skill      XL: |  1  2  3  4  5  6  7  8  9 10 11 12 13 |
---------------+----------------------------------------+-----
Fighting       | 3 4 5 8 |  8.0
Ranged Weapons | 7 8 10 12 15 18 20 | 20.0
Dodging        | 4 6 8 |  8.6
Evocations     | 3 5 |  5.0
Spellcasting   | 3 4 |  4.0
Transmutations | 3 4 8 10 | 10.3
Stealth        | |  1.3

Action                     |  1- 3 |  4- 6 |  7- 9 | 10-12 | 13-15 || total
---------------------------+-------+-------+-------+-------+-------++-------
   Fire: Shortbow          |    84 |   127 |   463 |   732 |    70 ||  1476
         Orcbow            |       |       |       |       |   125 ||   125
   Cast: Wereblood         |       |       |       |    11 |     4 ||    15
 Invoke: Recall Ancestor   |       |       |       |     1 |     1 ||     2
         Ancestor Life: Kn |       |       |       |     1 |       ||     1
  Evoke: Wand              |       |       |     1 |     5 |     7 ||    13
    Use: Scroll            |     3 |     1 |     6 |     7 |     1 ||    18
         Potion            |       |       |       |     5 |       ||     5
 Armour: Leather armour    |    27 |       |       |       |       ||    27
         Robe              |       |    36 |    85 |   120 |    40 ||   281
         Skin              |       |       |       |   106 |       ||   106
  Dodge: Dodged            |    37 |    41 |   284 |   292 |   122 ||   776

Table legend: (Time is in decaauts)
 A = Elapsed time spent in this place.
 B = Non-inter-level travel time spent in this place.
 C = Inter-level travel time spent in this place.
 D = Time resting spent in this place.
 E = Time spent auto-exploring this place.
 F = Levels seen in this place.
 G = Mean time per level.
                   A        B        C        D        E       F      G
               +--------+--------+--------+--------+--------+-----+--------+
         Total |  14289 |  13667 |    622 |   1161 |  10460 |  15 |  952.6 |
       Dungeon |  13024 |  12473 |    551 |    577 |  10108 |  13 | 1001.8 |
        Temple |     71 |      1 |     70 |      0 |      0 |   1 |   71.0 |
      Ice Cave |   1192 |   1192 |      0 |    584 |    352 |   1 | 1192.0 |
               +--------+--------+--------+--------+--------+-----+--------+

Top non-repeatable levels by time:
     D:4: 1590 daAuts
     D:3: 1383 daAuts
     D:1: 1316 daAuts
    D:12: 1209 daAuts
   IceCv: 1192 daAuts
    D:11: 1160 daAuts
     D:7: 1047 daAuts
     D:9: 1042 daAuts
     D:2: 1031 daAuts
     D:6: 838 daAuts
     D:8: 809 daAuts
    D:10: 722 daAuts
     D:5: 680 daAuts
    D:13: 192 daAuts
  Temple: 71 daAuts
